 Dungeon Crawl Stone Soup version 0.29-a0-885-gb26ba3297d (webtiles) character file.

Game seed: 14731907343691108013

32 Mesmaeker13 the Vexing (level 3, -5/27 HPs)
             Began as a Formicid Arcane Marksman on July 20, 2022.
             Killed from afar by an orc wizard (8 damage)
             ... with a magic dart
             ... on level 2 of the Dungeon.
             The game lasted 00:02:39 (1943 turns).

Mesmaeker13 the Vexing (Formicid Arcane Marksman)   Turns: 1943, Time: 00:02:39

Health: -5/27      AC:  4    Str: 14    XL:     3   Next: 45%
Magic:  4/4        EV: 12    Int: 14    God:
Gold:   138        SH:  0    Dex: 14    Spells: 3/4 levels left

rFire   . . .      SeeInvis +   r - +0 hand axe
rCold   . . .      Faith    .   (no shield)
rNeg    . . .      Spirit   .   h - +0 leather armour
rPois   .          Reflect  .   (helmet unavailable)
rElec   .          Harm     .   (no cloak)
rCorr   .          Rampage  .   (no gloves)
Will    .....                   i - +0 pair of boots
Stlth   +.........              (no amulet)
HPRegen 0.09/turn               (no ring)
MPRegen 0.09/turn               (no ring)

@: no status effects
A: permanent stasis, dig shafts and tunnels, antennae 3, four strong arms
a: Dig, Shaft Self


You were on level 2 of the Dungeon.
You visited 1 branch of the dungeon, and saw 3 of its levels.

You collected 138 gold pieces.

Inventory:

Hand Weapons
 a - a +0 sling
 k - a +0 short sword
 r - a +0 hand axe (weapon)
Armour
 h - a +0 leather armour (worn)
 i - a +0 pair of boots (worn)
 p - a +0 kite shield
Scrolls
 b - a scroll of vulnerability
 c - 2 scrolls of identify
 d - a scroll of enchant armour {unknown}
 f - 2 scrolls of poison {unknown}
 j - a scroll of silence
 l - a scroll of magic mapping {unknown}
 o - a scroll of fog {unknown}
 s - a scroll of fear {unknown}
Potions
 m - a potion of berserk rage {unknown}
 n - a potion of cancellation
 q - a potion of might {unknown}


   Skills:
 + Level 1.9 Fighting
 + Level 2.5 Ranged Weapons
 - Level 2.1 Dodging
 + Level 0.4 Shields
 - Level 1.1 Spellcasting
 + Level 4.0 Hexes


You had 3 spell levels left.
You knew the following spells:

 Your Spells              Type           Power      Damage    Failure   Level
a - Slow                  Hex            48%        N/A       6%          1

Your spell library contained the following spells:

 Spells                   Type           Power      Damage    Failure   Level
 Inner Flame              Hex/Fire       6%         N/A       41%         3
 Portal Projectile        Hex/Tloc       12%        N/A       41%         3
 Cause Fear               Hex            6%         N/A       52%         4


Dungeon Overview and Level Annotations

Branches:
Dungeon (3/15)

Altars:


Innate Abilities, Weirdness & Mutations

You cannot be hasted, slowed, berserked, paralysed or teleported.
You can dig through walls and to a lower floor.
You have a pair of large antennae on your head. (SInv)
Your four strong arms can wield two-handed weapons with a shield.


Message History

The magic dart hits you!
* * * LOW HITPOINT WARNING * * *
Unknown command.
You're too confused to move!
You bump into the rock wall.
The orc wizard hits you with a +0 dagger.
* * * LOW HITPOINT WARNING * * *
You closely miss the orc wizard.
The orc wizard is moderately wounded.
The orc wizard barely misses you.
You're too confused to move!
The orc wizard hits you with a +0 dagger.
* * * LOW HITPOINT WARNING * * *
Unknown command.
Okay, then.
You are too confused!
Unknown command.
You miss the orc wizard.
The orc wizard is moderately wounded.
You feel less confused. The orc wizard misses you.
The orc wizard hits you but does no damage.
You closely miss the orc wizard.
The orc wizard is moderately wounded.
The orc wizard barely misses you.
You hit the orc wizard.
The orc wizard is moderately wounded.
The orc wizard hits you with a +0 dagger.
* * * LOW HITPOINT WARNING * * *
You closely miss the orc wizard.
The orc wizard is moderately wounded.
The orc wizard barely misses you. x2
You hit the orc wizard but do no damage.
The orc wizard is moderately wounded.
The orc wizard closely misses you.
You hit the orc wizard but do no damage.
The orc wizard is moderately wounded.
The orc wizard casts a spell at you. The magic dart hits you!
You die...

#......#
#.#.##.#.#.#.....>.#
###......#
#......###.#.......#
.........#
###..#.....####.####
###......# #.#####..# #.#
###......# #.# ##.# #.#
.........# #.# #.####.#
#...#....# ##.## #.#>[..#
#.####...#
##...#####......# ..#
##..# #..#o@..........#
..# #..# #>...######.....#
..# #..# #)#.## ##...##
..# #..###.#.# ##.##
..#####......#.# #.#
..........####.# #.#
....###.#.####.#########.#
##...##.#.##.............#
##.............###########


You could see an orc wizard (invisible).

Vanquished Creatures
  A worm (D:2)
  An orc (D:2)
  3 ball pythons (D:1)
  5 bats
  2 endoplasms (D:2)
  2 goblins
  A hobgoblin (D:1)
  2 jackals (D:1)
  2 kobolds (D:1)
  2 quokkas
  3 frilled lizards
  4 rats
28 creatures vanquished.

Notes
Turn   | Place    | Note
-------+----------+-------------------------------------------
     0 | D:1      | Mesmaeker13 the Formicid Arcane Marksman began the quest
                  | for the Orb.
     0 | D:1      | Reached XP level 1. HP: 15/15 MP: 2/2
   359 | D:1      | Reached XP level 2. HP: 21/21 MP: 3/3
  1023 | D:2      | Reached XP level 3. HP: 26/27 MP: 4/4
  1082 | D:2      | Reached skill level 4 in Hexes
  1943 | D:2      | Killed from afar by an orc wizard

Illustrated notes

Levels and vault maps discovered:
D:1:      sevenhm_arrival_forest_fort_large_4, layout_basic
D:2:      layout_loops_ring, minmay_pentomino_u4
D:3:      layout_loops_cross, nicolae_uskayaw_suspiria,
          mainiacjoe_overflow_tiny_flanked, gammafunk_temple_overflow_elements,
          serial_rivers, chequers_serial_rivers_room_b,
          chequers_serial_rivers_micro_c, chequers_serial_rivers_micro_d,
          chequers_serial_rivers_large_a, chequers_serial_rivers_micro_c,
          chequers_serial_rivers_small_a, kennysheep_generic_room_8

Skill      XL: |  1  2  3 |
---------------+----------+-----
Dodging        | 2 |  2.1
Hexes          | 4 |  4.0
Fighting       | |  1.9
Ranged Weapons | |  2.5
Shields        | |  0.4
Spellcasting   | |  1.1

Action                   || total
-------------------------++-------
Melee: Hand axe          ||    20
 Fire: Sling             ||   120
 Cast: Slow              ||     8
  Use: Scroll            ||     3
       Potion            ||     4
Armor: Leather armour    ||    27
       Skin              ||    49
Dodge: Dodged            ||    67

Table legend: (Time is in decaauts)
 A = Elapsed time spent in this place.
 B = Non-inter-level travel time spent in this place.
 C = Inter-level travel time spent in this place.
 D = Time resting spent in this place.
 E = Time spent auto-exploring this place.
 F = Levels seen in this place.
 G = Mean time per level.
                   A        B        C        D        E       F      G
               +--------+--------+--------+--------+--------+-----+--------+
         Total |   1985 |   1875 |    110 |    105 |   1387 |   3 |  661.7 |
       Dungeon |   1985 |   1875 |    110 |    105 |   1387 |   3 |  661.7 |
               +--------+--------+--------+--------+--------+-----+--------+

Top non-repeatable levels by time:
     D:1: 1012 daAuts
     D:2: 966 daAuts
     D:3: 6 daAuts
